Match 40995239
Unlisted

Match 40995239
End
Construct Weapon Support Center
Selects Advanced Infantry Battlegroup
Bazooka Squad
M1919 Machine Gun Team
M1919 Machine Gun Team
Air Support Center
Grasshopper Recon Run
Scout Squad
M3 Armored Personnel Carrier
P-47 Strafing Run
Selects Artillery Observers
M1919 Machine Gun Team
M3 Armored Personnel Carrier
Engineer Squad
Grasshopper Recon Run
M3 Armored Personnel Carrier
Engineer Squad
Artillery Observer Squad
M3 Armored Personnel Carrier
Selects Convert to Ranger Squad
Selects Frontline Medical Station
Selects Infantry Assault
Selects Convert to Ranger Squad
Selects Frontline Medical Station
Grasshopper Recon Run
Bazooka Squad
Bazooka Squad
Grasshopper Recon Run
DoMxNightM4rE
zintoko
Rasvak
Waffen
Pinhi
Insurmountable Odds
0
0

Comments sign in to comment!

No comments posted yet!